AoeStats
← LM | TornardoBriese

Four Lakes

510099850Analyzed
1v1 RM · 2d ago on Sep 29, 2026· 25m 19s· 2 players
Game mode
Random Map
Map size
Tiny (2 player)
Population
200
Speed
Normal
Resources
Standard
Victory
Conquest
Starting age
Dark Age
Ending age
Imperial Age
RankedLock teamsTeams togetherTeam positionsShared explorationLock speedFull tech treeHidden civsTurbo modeCheats
Victory
Defeat
🇨🇴 Varangians · Colombia
1148
+17
🇨🇭 Lithuanians · Switzerland
1180
-17
AndGio1
7:44 Loom
10:12 Feudal Age
10:52 Double-Bit Axe
16:59 Castle Age
15:21 Scale Mail Armor
15:32 Forging
17:00 Arson
19:12 Fletching
20:31 Squires
24:34 Chain Mail Armor
23:52 Elite Skirmisher
24:31 Fishing Lines
25:18 Padded Archer Armor
LM | TornardoBriese
8:48 Loom
11:33 Feudal Age
15:59 Castle Age
14:21 Double-Bit Axe
14:22 Horse Collar
17:29 Fishing Lines
18:16 Bow Saw
18:33 Gillnets
22:41 Wheelbarrow
22:10 Heavy Plow
22:08 Fletching
Connection lost

Rejoining the realm…

Still unreachable

The connection could not be restored.

Session expired

The server has moved on; the page needs a fresh start.